 Dungeon Crawl Stone Soup version 0.19-a0-1613-g7c9bbd0 (webtiles) character file.

159 Amciq the Chopper (level 5, -4/47 HPs)
             Began as a Hill Orc Monk on Sept 17, 2016.
             Slain by a river rat (9 damage)
             ... on level 3 of the Dungeon.
             The game lasted 00:05:53 (3161 turns).

Amciq the Chopper (Hill Orc Monk)                   Turns: 3161, Time: 00:05:53

Health: -4/47      AC:  2    Str: 15    XL:     5   Next: 40%
Magic:  5/5        EV: 13    Int: 10    God:
Gold:   149        SH:  0    Dex: 13    Spells: 0 memorised, 4 levels left

rFire  . . .     SeeInvis .     a - +0 hand axe
rCold  . . .     Gourm    .     b - +0 robe
rNeg   . . .     Faith    .     (no shield)
rPois  .         Spirit   .     (no helmet)
rElec  .         Dismiss  .     (no cloak)
rCorr  .         Reflect  .     (no gloves)
MR     .....     Harm     .     (no boots)
Stlth  ++........               (no amulet)
                                (no ring)
                                (no ring)

@: flying
A: no striking features
a: no special abilities


You were on level 3 of the Dungeon.
You were not hungry.

You visited 1 branch of the dungeon, and saw 3 of its levels.

You collected 149 gold pieces.

Inventory:

Hand Weapons
 a - a +0 hand axe (weapon)
Armour
 b - a +0 robe (worn)
Jewellery
 t - a +1 ring of evasion {unknown}
Scrolls
 d - 4 scrolls of identify {unknown}
 e - a scroll of fog {unknown}
 i - 4 scrolls of remove curse {unknown}
 k - 2 scrolls of enchant weapon {unknown}
 m - a scroll of random uselessness {unknown}
 r - a scroll of amnesia {unknown}
 s - a scroll of fear {unknown}
 w - a scroll of magic mapping {unknown}
Potions
 j - a potion of might {unknown}
 o - a potion of berserk rage {unknown}
 q - a potion of heal wounds {unknown}
 u - a potion of degeneration {unknown}
Comestibles
 c - 3 bread rations
 f - a slice of pizza
 g - 3 meat rations
 l - 4 fruits
 n - a beef jerky
 p - a royal jelly
 v - 3 chunks of flesh


   Skills:
 + Level 4.7 Fighting
 + Level 5.3 Axes
 + Level 1.6 Armour
 - Level 3.0 Dodging
 + Level 2.4 Stealth


You had 4 spell levels left.
You didn't know any spells.

Dungeon Overview and Level Annotations

Branches:
Dungeon (3/15)

Altars:
Nemelex Xobeh


Message History

You hit the river rat but do no damage. You hit the ball python.
You kill the ball python!
The river rat bites you.
You barely miss the river rat. x2; The river rat closely misses you.
The river rat bites you!
You hit the river rat but do no damage. You closely miss the river rat.
The river rat barely misses you. The river rat bites you.
You hit the river rat but do no damage. x2; The river rat misses you.
The river rat barely misses you.
You hit the river rat.
The river rat is moderately wounded.
You barely miss the river rat. The river rat bites you!
* * * LOW HITPOINT WARNING * * *
The river rat closely misses you.
It was a potion of flight.
You feel very buoyant.
You fly up into the air.
The river rat bites you.
* * * LOW HITPOINT WARNING * * *
The river rat bites you!
You die...

#######
#.≈≈≈≈#
#≈≈≈≈.#
#≈≈≈≈.#
#r≈≈..#
#rr.[.#
#@##.#
#....#
#####
#.####
#....
#.#
#.##.
#.#
#.##.
#.#
#.##.
#.#
#.##.
#.#
#)###
#.# #)#


You could see 2 river rats and a rat.

Vanquished Creatures
  3 gnolls (D:3)
  5 adders
  2 oozes (D:1)
  3 worms
  2 dart slugs
  A leopard gecko (D:1)
  An orc (D:3)
  A ball python (D:3)
  12 bats
  2 giant cockroaches
  8 goblins
  3 hobgoblins
  6 jackals
  4 kobolds
  3 quokkas
  2 frilled lizards
  6 rats
64 creatures vanquished.

Notes
Turn   | Place    | Note
-------+----------+-------------------------------------------
     0 | D:1      | Amciq the Hill Orc Monk began the quest for the Orb.
     0 | D:1      | Reached XP level 1. HP: 19/19 MP: 1/1
   502 | D:1      | Reached XP level 2. HP: 17/27 MP: 2/2
   942 | D:1      | Reached XP level 3. HP: 17/33 MP: 3/3
  1499 | D:2      | Reached skill level 1 in Armour
  1775 | D:2      | Reached XP level 4. HP: 34/41 MP: 4/4
  2484 | D:3      | Reached skill level 5 in Axes
  2598 | D:3      | Reached XP level 5. HP: 17/47 MP: 5/5
  2773 | D:3      | Found a sparkling altar of Nemelex Xobeh.
  3161 | D:3      | Slain by a river rat

Vault maps used:
D:1:      eino_arrival_water_cross, serial_forest,
          infiniplex_forest_clump_double, infiniplex_forest_lined_room_2,
          infiniplex_forest_fountain, infiniplex_forest_lined_3,
          infiniplex_forest_clump_C, infiniplex_forest_lined_room_2,
          infiniplex_forest_end_double
D:3:      portal_sewer_entry_b, nemelex_spade_bored_becter

Skill      XL: |  1  2  3  4  5 |
---------------+----------------+-----
Fighting       | 4 |  4.7
Armour         | 1 |  1.6
Stealth        | 2 |  2.4
Axes           | 5 |  5.3
Dodging        | 3 |  3.0

Action                   |  1- 3 |  4- 6 || total
-------------------------+-------+-------++-------
Melee: Hand axe          |    91 |   125 ||   216
  Use: Potion            |       |     1 ||     1
 Stab: Sleeping          |     7 |     4 ||    11
  Eat: Chunk             |     3 |     4 ||     7
Armor: Robe              |    16 |    13 ||    29
Dodge: Dodged            |    59 |   109 ||   168
